 Dungeon Crawl Stone Soup version 0.22-a0-618-gd6a3efe (webtiles) character file.

70670 galech the Fighter (level 14, -3/129 HPs)
             Began as a White Draconian Berserker on July 12, 2018.
             Was a High Priest of Trog.
             Slain by a hellwing (7 damage)
             ... summoned by a deep elf mage
             ... on level 1 of the Elven Halls on July 13, 2018.
             The game lasted 00:59:09 (28136 turns).

galech the Fighter (White Draconian Berserker)     Turns: 28136, Time: 00:59:09

Health: -3/129     AC: 14    Str: 23    XL:     14   Next: 95%
Magic:  2/14       EV: 23    Int:  3    God:    Trog [*****.]
Gold:   2397       SH:  0    Dex: 21    Spells: 13/13 levels left

rFire    + . .     SeeInvis .   T - +2 demon whip (venom)
rCold    + + +     Gourm    .   (no shield)
rNeg     . . .     Faith    .   (armour unavailable)
rPois    .         Spirit   .   (helmet restricted)
rElec    .         Reflect  .   D - scarf {rC+ rF+}
rCorr    .         Harm     .   V - +2 pair of gloves "Doedisyo" {rF- rC+ MR+}
MR       ++++.                  r - +2 pair of boots
Stlth    ++++......             (no amulet)
HPRegen  1.31/turn              B - ring of protection from fire
MPRegen  0.14/turn              S - ring "Pokieshra" {EV+1 Str+3 Int-5 Dex+6}

@: berserk cooldown, regenerating, slowed, drained, very slow
A: breathe frost, unfitting armour, cold resistance 1, cold-blooded, AC +8
a: Breathe Frost, Berserk, Trog's Hand, Brothers in Arms, Renounce Religion


You were on level 1 of the Elven Halls.
You worshipped Trog.
Trog was extremely pleased with you.
You were near starving.

You visited 4 branches of the dungeon, and saw 21 of its levels.
You visited 1 bazaar.
You also visited: Trove and Ice Cave.

You collected 3178 gold pieces.
You spent 781 gold pieces at shops.

Inventory:

Hand Weapons
 E - a +7 whip of freezing
 K - the +9 sword of Zonguldrok {reap}
   (You found it on level 8 of the Dungeon)

   If a monster killed with it leaves a corpse in good enough shape, the corpse
   will be animated as a zombie friendly to the killer.
 Q - a +4 triple sword of flaming
 T - a +2 demon whip of venom (weapon)
 W - the +8 trident of the Octopus King {venom, rElec rPois MR+}
   (You found it in an ice cave)

   It poisons the flesh of those it strikes.
   It insulates you from electricity.
   It protects you from poison.
   It affects your resistance to hostile enchantments.
 Y - a +0 whip of venom
Armour
 i - a +0 pair of gloves of strength
 r - a +2 pair of boots (worn)
 D - a scarf of resistance (worn)
 V - the +2 pair of gloves "Doedisyo" (worn) {rF- rC+ MR+}
   (You bought it in a shop in a bazaar)

   It makes you vulnerable to fire.
   It protects you from cold.
   It affects your resistance to hostile enchantments.
Jewellery
 f - a +4 ring of strength
 p - an uncursed ring of protection from magic
 B - a ring of protection from fire (left hand)
 J - an uncursed ring of resist corrosion
 O - an uncursed ring of protection from fire
 P - a +2 ring of slaying
 R - an uncursed ring of protection from cold
 S - the ring "Pokieshra" (right hand) {EV+1 Str+3 Int-5 Dex+6}
   (You found it in a treasure trove)

   [ring of evasion]

   It affects your evasion (+1).
   It affects your strength (+3).
   It affects your intelligence (-5).
   It affects your dexterity (+6).
 X - an uncursed ring of protection from magic
Scrolls
 d - 2 scrolls of noise
 g - 2 scrolls of blinking
 h - 6 scrolls of teleportation
 k - 13 scrolls of remove curse
 o - a scroll of fog
 t - 8 scrolls of immolation
 w - 2 scrolls of identify
 x - a scroll of vulnerability
 y - 2 scrolls of summoning
 A - 6 scrolls of enchant armour
 C - 3 scrolls of holy word
 H - 5 scrolls of fear
 L - 3 scrolls of magic mapping
 M - a scroll of torment
Potions
 a - 2 potions of mutation
 e - 13 potions of curing
 j - a potion of cancellation
 l - 5 potions of flight
 m - a potion of invisibility
 n - 7 potions of haste
 q - 4 potions of berserk rage
 s - 5 potions of lignification
 u - 6 potions of degeneration
 v - 6 potions of heal wounds
 z - 5 potions of brilliance
 F - 3 potions of agility
 I - 2 potions of resistance
 N - 4 potions of might
Miscellaneous
 U - a lightning rod (4/4)
Comestibles
 b - 24 rations


   Skills:
 + Level 13.6(12.9) Fighting
 + Level 13.4(12.7) Long Blades
 + Level 12.6(12.0) Maces & Flails
 + Level 11.9(11.2) Dodging
 + Level 8.5(7.9) Stealth


You had 13 spell levels left.
You didn't know any spells.
Your spell library was empty.

Dungeon Overview and Level Annotations

Branches:
Dungeon (12/15)            Temple (0/1) D:6            Lair (6/6) D:8
 Shoals (0/4) Lair:2        Snake (0/4) Lair:2        Slime (0/5) Lair:6
    Orc (2/2) D:12            Elf (1/3) Orc:2

Altars:
Hepliaklqana
Okawaru
Trog
Uskayaw
Xom
Beogh
Jiyva

Shops:
D:6 [   D:11 %   Orc:2 (:*?

Portals:
Pandemonium: Orc:2

Annotations:
D:12 Azrael
Lair:2 exclusion: 3 oklob plants


Innate Abilities, Weirdness & Mutations

You can breathe waves of freezing cold.
You can buffet flying creatures when you breathe cold.
Your icy white scales are hard. (AC +8)
You cannot fit into any form of body armour.
Your flesh is cold resistant. (rC+)
You are cold-blooded and may be slowed by cold attacks.


Message History

You see here an arrow.
You closely miss the hellwing.
You tail-slap the hellwing, but do no damage.
The hellwing completely misses you. The hellwing misses you.
You are near starving!
You hit the hellwing but do no damage.
The hellwing is poisoned.
You tail-slap the hellwing.
The hellwing is lightly wounded.
The deep elf mage casts a spell at you.
The bolt of negative energy hits the hellwing.
The hellwing completely resists.
The bolt of negative energy hits you!
You feel drained.
* * * LOW HITPOINT WARNING * * *
You hit the hellwing but do no damage.
You tail-slap the hellwing, but do no damage.
The hellwing is lightly wounded.
The hellwing hits you!
* * * LOW HITPOINT WARNING * * *
The hellwing hits you!
You die...

?.....e
...%...
.......##
#'##
##(## #+#
##.## #.#
##.## #.#
##.## #e#
##@###.#
##4##'##
##e)..##
#(.)..#
#)...(#
+.....#
##...##
##'#'##
##.##.#


You could see a hellwing and a deep elf mage.

Vanquished Creatures
  A reaper (IceCv)
  A stone giant (Orc:2)
  A deep elf demonologist (Elf:1)
  Snorg (Lair:4)
  Erolcha (D:12)
  Harold (Lair:3)
  Fannar (Orc:1)
  2 hydras
  A catoblepas (Lair:6)
  Erica (D:7)
  A two-headed ogre (D:9)
  8 orc high priests (Orc:2)
  A sixfirhy (D:7)
  An infernal demonspawn (Orc:2)
  A torturous demonspawn (Orc:2)
  2 deep elf archers (Elf:1)
  Pikel (D:5)
  5 orc knights (Orc:2)
  2 cyclopes
  A manticore (D:12)
  5 orc sorcerers (Orc:2)
  2 ugly things
  Maurice (D:12)
  A merfolk siren (Lair:2)
  A smoke demon (Orc:2)
  2 centaur zombies
  A black mamba (Lair:4)
  3 ice statues
  An eye of devastation (Lair:6)
  A gargoyle (D:12)
  2 torpor snails
  20 spiny frogs
  A molten gargoyle (Lair:5)
  12 komodo dragons
  3 rime drakes
  10 ice devils
  3 trolls
  2 hornets
  4 tyrant leeches
  A polar bear (Lair:5)
  7 hippogriffs
  16 blink frogs
  4 slime creatures (D:8)
  A meliai zombie (D:12)
  2 wyverns (D:12)
  5 fire bats (Lair:5)
  31 yaks
  7 fire elementals
  5 vampire mosquitoes (Lair:6)
  3 basilisks
  2 neqoxecs (Orc:2)
  2 wargs (Orc:2)
  2 nagas (Lair:2)
  A soldier ant (D:10)
  Duvessa (D:4)
  7 water moccasins
  9 porcupines
  2 sky beasts
  8 ice beasts (D:12)
  4 black bears
  28 orc warriors
  A phantom (D:4)
  An eye of draining (Lair:6)
  A slave (D:4)
  14 wolves
  13 ogres
  8 centaurs
  A big kobold (D:7)
  11 crocodiles
  20 bullfrogs
  Dowan (D:4)
  4 scorpions
  5 killer bees (D:8)
  8 wights (D:10)
  4 electric eels
  2 howler monkeys
  4 crimson imps
  2 bullfrog zombies
  A lava snake (Lair:5)
  6 jellies
  7 hounds
  Crazy Yiuf (D:4)
  A bullfrog skeleton (D:10)
  24 orc priests
  13 orc wizards
  Jessica (D:2)
  3 centaur skeletons
  14 worker ants
  A hound zombie (D:6)
  A howler monkey zombie (D:11)
  A worker ant zombie (D:10)
  4 gnolls (D:9)
  13 adders
  4 shadow imps
  6 white imps (IceCv)
  7 ufetubi (IceCv)
  6 oozes
  2 worms
  3 dart slugs
  3 leopard geckos
  102 orcs
  3 ball pythons
  6 bats
  2 giant cockroaches
  9 goblins
  6 hobgoblins
  3 jackals (D:6)
  4 quokkas
  3 frilled lizards
  A jackal zombie (D:5)
  17 kobolds
  A leopard gecko skeleton (D:4)
  A leopard gecko zombie (D:8)
  5 rats
642 creatures vanquished.

Vanquished Creatures (collateral kills)
  A hydra (Lair:4)
  3 spiny frogs (Lair:6)
  Prince Ribbit (Lair:1)
  5 blink frogs
  2 yaks
  A vampire mosquito (Lair:6)
  A water moccasin (Lair:5)
  4 wolves
  4 bullfrogs
  2 wights (D:10)
  A howler monkey (D:10)
  An orc wizard (D:10)
  An orc (D:10)
  2 plants (Lair:6)
29 creatures vanquished.

Vanquished Creatures (others)
  5 white imps (IceCv)
  4 ufetubi (IceCv)
  A bush (Lair:4)
  5 fungi
  22 plants
37 creatures vanquished.

Grand Total: 708 creatures vanquished

Notes
Turn   | Place    | Note
-------+----------+-------------------------------------------
     0 | D:1      | galech the Draconian Berserker began the quest for the Orb.
     0 | D:1      | Reached XP level 1. HP: 19/19 MP: 1/1
   255 | D:1      | Reached XP level 2. HP: 26/27 MP: 2/2
   924 | D:2      | Found an iron altar of Okawaru.
   927 | D:2      | Reached XP level 3. HP: 18/33 MP: 3/3
   953 | D:2      | Found a hazy altar of Hepliaklqana.
  1023 | D:2      | Found a shimmering altar of Xom.
  1044 | D:2      | Reached ** piety under Trog
  1255 | D:2      | Found a bloodstained altar of Trog.
  1255 | D:2      | Found a hide-covered altar of Uskayaw.
  1599 | D:3      | Noticed Jessica
  1753 | D:2      | Killed Jessica
  1753 | D:2      | Reached XP level 4. HP: 36/40 MP: 4/4
  1906 | D:3      | Reached skill level 1 in Stealth
  2353 | D:3      | Reached XP level 5. HP: 46/46 MP: 5/5
  2711 | D:4      | Noticed Duvessa
  2718 | D:4      | Noticed Dowan
  2736 | D:4      | Killed Duvessa
  2736 | D:4      | Reached skill level 5 in Maces & Flails
  2736 | D:4      | Reached XP level 6. HP: 32/53 MP: 6/6
  2745 | D:4      | Killed Dowan
  3417 | D:4      | Found a runed door.
  3422 | D:4      | Noticed Crazy Yiuf
  3426 | D:4      | Killed Crazy Yiuf
  3426 | D:4      | Your scales start taking on an icy white colour.
  3426 | D:4      | Reached XP level 7. HP: 60/60 MP: 7/7
  3426 | D:4      | Gained mutation: Your flesh is cold resistant. (rC+) [White Draconian growth]
  3524 | D:5      | Entered Level 5 of the Dungeon
  3728 | D:4      | Reached skill level 5 in Fighting
  4043 | D:4      | Reached *** piety under Trog
  4443 | D:5      | Reached skill level 5 in Dodging
  4584 | D:5      | Noticed Pikel
  4969 | D:5      | Reached XP level 8. HP: 69/69 MP: 8/8
  4976 | D:5      | Killed Pikel
  5464 | D:6      | Found Xacloow's Armour Emporium.
  5628 | D:6      | Reached **** piety under Trog
  5695 | D:6      | Reached XP level 9. HP: 71/78 MP: 9/9
  5866 | D:6      | Found a staircase to the Ecumenical Temple.
  6380 | D:7      | Found a runed door.
  6380 | D:7      | Noticed a sixfirhy
  6867 | D:7      | Killed a sixfirhy
  7353 | D:8      | Found a viscous altar of Jiyva.
  7390 | D:8      | Found a transporter.
  7397 | D:8      | Found the +9 sword of Zonguldrok {reap}
  7491 | D:8      | Reached skill level 10 in Maces & Flails
  7575 | D:8      | Reached XP level 10. HP: 88/88 MP: 10/10
  7602 | D:8      | Noticed Erica
  7603 | D:8      | Found a staircase to the Lair.
  7928 | D:7      | Killed Erica
  7928 | D:7      | Received a gift from Trog
  9320 | D:9      | Noticed a two-headed ogre
  9329 | D:9      | Killed a two-headed ogre
  9329 | D:9      | Reached skill level 5 in Stealth
  9496 | D:9      | Reached ***** piety under Trog
  9502 | D:9      | Received a gift from Trog
 10277 | D:8      | Found a transporter.
 10292 | D:8      | Reached XP level 11. HP: 97/97 MP: 11/11
 10419 | D:10     | Entered Level 10 of the Dungeon
 10850 | D:10     | Reached skill level 1 in Long Blades
 11406 | D:10     | Found a portal to a secret trove of treasure.
 11417 | Trove    | Entered a treasure trove
 11425 | Trove    | Got a slimy amber ring
 11453 | Trove    | Identified the ring "Pokieshra" {EV+1 Str+3 Int-5 Dex+6} (You found it in a treasure trove)
 11880 | D:10     | Upgraded the game from 0.22-a0-617-g6d95e9e to 0.22-a0-618-gd6a3efe
 12022 | D:11     | Noticed a cyan ugly thing
 12035 | D:11     | Killed a cyan ugly thing
 12176 | D:11     | Found a flickering gateway to a bazaar.
 12181 | Bazaar   | Entered a bazaar
 12181 | Bazaar   | Found Nakoe's Gadget Emporium.
 12181 | Bazaar   | Found Qesuw's Magic Scroll Shoppe.
 12181 | Bazaar   | Found Pedax's Antique Armour Emporium.
 12183 | Bazaar   | Found Tedumad's Antique Weapon Shoppe.
 12206 | Bazaar   | Bought a pair of bloodstained gloves for 285 gold pieces
 12216 | Bazaar   | Identified the +2 pair of gloves "Doedisyo" {rF- rC+ MR+} (You bought it in a shop in a bazaar)
 12338 | Bazaar   | Bought a scroll of identify for 22 gold pieces
 12338 | Bazaar   | Bought a scroll of fear for 38 gold pieces
 12338 | Bazaar   | Bought a scroll of teleportation for 33 gold pieces
 12370 | D:11     | Found Siaqikk's Food Emporium.
 12870 | Lair:1   | Entered Level 1 of the Lair of Beasts
 12883 | Lair:1   | Noticed Prince Ribbit
 13037 | Lair:1   | Killed Prince Ribbit
 13300 | Lair:1   | Reached skill level 5 in Long Blades
 13506 | Lair:1   | Reached * piety under Trog
 13638 | Lair:2   | Found a staircase to the Shoals.
 13650 | Lair:2   | Reached skill level 10 in Fighting
 13797 | Lair:2   | Reached XP level 12. HP: 75/106 MP: 12/12
 14056 | Lair:2   | Found a staircase to the Snake Pit.
 14268 | Lair:2   | Noticed a four-headed hydra
 16731 | Lair:3   | Noticed Harold
 16746 | Lair:3   | Killed Harold
 17351 | Lair:4   | Noticed a seven-headed hydra
 17361 | Lair:4   | Killed a seven-headed hydra
 17511 | Lair:4   | Noticed Snorg
 17522 | Lair:4   | Killed Snorg
 17575 | Lair:4   | Killed a nine-headed hydra
 17575 | Lair:4   | Reached skill level 10 in Dodging
 18363 | Lair:5   | Reached skill level 10 in Long Blades
 18569 | Lair:5   | Reached XP level 13. HP: 80/116 MP: 13/13
 19394 | Lair:6   | Entered Level 6 of the Lair of Beasts
 21299 | Lair:6   | Found a staircase to the Slime Pits.
 22294 | D:12     | Noticed Azrael
 22449 | D:12     | Noticed Erolcha
 22470 | D:12     | Killed Erolcha
 22495 | D:12     | Found a frozen archway.
 22583 | IceCv    | Entered an ice cave
 22939 | IceCv    | Reached XP level 14. HP: 121/127 MP: 14/14
 23453 | IceCv    | Noticed a reaper
 23460 | IceCv    | Found the +8 trident of the Octopus King {venom, rElec rPois MR+}
 23481 | IceCv    | Killed a reaper
 23914 | D:12     | Noticed Maurice
 23924 | D:12     | Killed Maurice
 24184 | D:12     | Received a gift from Trog
 24409 | D:12     | Found a staircase to the Orcish Mines.
 24649 | Orc:1    | Entered Level 1 of the Orcish Mines
 25120 | Orc:2    | Entered Level 2 of the Orcish Mines
 25301 | Orc:2    | Found Wiguf's General Store.
 25754 | Orc:2    | Found Turopn's Magic Scroll Boutique.
 25905 | Orc:2    | Found a staircase to the Elven Halls.
 25997 | Orc:2    | Bought a scroll of magic mapping for 38 gold pieces
 25997 | Orc:2    | Bought a scroll of identify for 22 gold pieces
 25999 | Orc:2    | Bought a scroll of identify for 28 gold pieces
 25999 | Orc:2    | Bought a scroll of enchant weapon for 105 gold pieces
 25999 | Orc:2    | Bought a scroll of enchant armour for 105 gold pieces
 25999 | Orc:2    | Bought a scroll of enchant weapon for 105 gold pieces
 26099 | Orc:2    | Noticed a stone giant
 26115 | Orc:2    | Killed a stone giant
 26243 | Orc:2    | Received a gift from Trog
 27012 | Orc:2    | Found Lone's Antique Weapon Emporium.
 27012 | Orc:2    | Found a one-way gate leading to the halls of Pandemonium.
 27012 | Orc:2    | Found Nyd Nupi's Book Shoppe.
 27331 | Orc:2    | Found a runed door.
 27616 | Orc:2    | Found a roughly hewn altar of Beogh.
 27745 | Orc:1    | Noticed Fannar
 27774 | Orc:1    | Killed Fannar
 27776 | Orc:1    | Received a gift from Trog
 28014 | Elf:1    | Entered Level 1 of the Elven Halls
 28104 | Elf:1    | Noticed a Tzitzimitl
 28136 | Elf:1    | HP: 4/129 [hellwing[a deep elf mage] (9)]
 28136 | Elf:1    | Slain by a hellwing

Vault maps used:
D:1:      tarquinn_simple_flora_water_d, minivault_27
D:2:      lemuel_doored_altar, nicolae_overflow_hidden_temple, first_ration,
          hangedman_abyss_or_decor_lesser_grid, okawaru_gym_becter
D:3:      uniq_jessica
D:4:      uniq_crazy_yiuf_cottage, uniq_duvessa
D:5:      minivault_19, serial_park_tiny_2, uniq_pikel
D:6:      corexii_shack_village, minmay_temple_entry_poolview, serial_shops,
          kennysheep_mini
D:7:      cheibrodos_shockbox
D:8:      gammafunk_jiyva_shrine, minmay_lair_entry_grove,
          hangedman_little_slice_of_home, uniq_erica
D:10:     lemuel_ice_statue, nicolae_trove_entry_crossroad
D:11:     serial_shops, bzr_entry_water, nicolae_shop_window_shopping
D:12:     orc_0_dummy, portal_ice_cave_entry_ice_beasts, minivault_16,
          uniq_azrael, uniq_maurice, uniq_erolcha
Lair:1:   grunt_forest_stairs_basic, grunt_megastairs_4, serial_bayou_shore_b,
          serial_bayou_shore_b, uniq_prince_ribbit2
Lair:2:   dpeg_oklob_gauntlet, minmay_shoals_entry_lonely_mermaid,
          guppyfry_snake_entry_island, beast_lair_carwin_1
Lair:3:   uniq_harold
Lair:4:   serial_bayou_shore_b, uniq_snorg
Lair:5:   serial_bayou_shore_b
Lair:6:   minmay_lair_end_frog_pond, minmay_slime_entry_eyes,
          serial_bayou_shore_b, serial_bayou_shore_a
Orc:1:    uniq_fannar
Orc:2:    pf_orc_diabolical, lightli_church_of_beogh
Elf:1:    serial_shops, shop, minivault_28, minmay_shoptagon
Bazaar:   bazaar_general_marketplace
Trove:    trove_simple
IceCv:    ice_cave_small_demon

Skill      XL: |  1  2  3  4  5  6  7  8  9 10 11 12 13 14 |
---------------+-------------------------------------------+-----
Dodging        | 3 4 5 7 8 9 10 11 | 11.9
Fighting       | 4 5 6 7 9 10 11 12 13 | 13.6
Maces & Flails | 4 5 6 8 10 11 12 | 12.6
Stealth        | 1 2 3 4 5 6 7 8 |  8.5
Long Blades    | 6 10 12 13 | 13.4

Action                   |  1- 3 |  4- 6 |  7- 9 | 10-12 | 13-15 || total
-------------------------+-------+-------+-------+-------+-------++-------
Melee: Mace              |    66 |   135 |    51 |       |       ||   252
       Tailslap          |     7 |    21 |    65 |   163 |   337 ||   593
       Morningstar       |       |       |    47 |       |       ||    47
       Whip              |       |       |   329 |   442 |   822 ||  1593
       Double sword      |       |       |       |   261 |   186 ||   447
       Demon whip        |       |       |       |       |   124 ||   124
       Triple sword      |       |       |       |       |    91 ||    91
Invok: Berserk           |     1 |     5 |     8 |    10 |    18 ||    42
       Trog's Hand       |       |     2 |     3 |     3 |     5 ||    13
  Use: Scroll            |     5 |       |     5 |    17 |    17 ||    44
       Potion            |       |       |       |     3 |     2 ||     5
 Stab: Sleeping          |       |     1 |     6 |    21 |    12 ||    40
       Distracted        |       |       |       |     6 |     9 ||    15
  Eat: Chunk             |     3 |     9 |    20 |    10 |    31 ||    73
       Ration            |       |       |     1 |    11 |     5 ||    17
Armor: Skin              |    24 |    48 |   127 |   125 |   159 ||   483
Dodge: Dodged            |    50 |   118 |   288 |   558 |   801 ||  1815
       Rpst.: Double sword |       |       |       |   101 |    70 ||   171
       Triple sword      |       |       |       |       |    20 ||    20

Table legend:
 A = Spawn XP
 B = Non-spawn XP
 C = Spawn XP percentage of total XP
 D = Spawn monster count
 E = Non-spawn monster count
 F = Spawn count percentage of total count
 G = Total turns spent on level
                    A         B        C        D         E        F      G
               +---------+---------+-------+---------+---------+-------+---------
         Total |       0 |  100958 |   0.0 |       0 |     668 |   0.0 | 28136
               +---------+---------+-------+---------+---------+-------+---------
           D:1 |       0 |      24 |   0.0 |       0 |      14 |   0.0 |   877
           D:2 |       0 |      84 |   0.0 |       0 |      19 |   0.0 |   979
           D:3 |       0 |     112 |   0.0 |       0 |      18 |   0.0 |   773
           D:4 |       0 |     671 |   0.0 |       0 |      23 |   0.0 |  1711
           D:5 |       0 |    1286 |   0.0 |       0 |      22 |   0.0 |   823
           D:6 |       0 |     798 |   0.0 |       0 |      32 |   0.0 |  1065
           D:7 |       0 |    3073 |   0.0 |       0 |      34 |   0.0 |  1544
           D:8 |       0 |    3122 |   0.0 |       0 |      41 |   0.0 |  1344
           D:9 |       0 |    2466 |   0.0 |       0 |      28 |   0.0 |  1405
          D:10 |       0 |    3750 |   0.0 |       0 |      44 |   0.0 |  1652
          D:11 |       0 |    1798 |   0.0 |       0 |      12 |   0.0 |   907
          D:12 |       0 |    8482 |   0.0 |       0 |      40 |   0.0 |  1045
        Lair:1 |       0 |    3549 |   0.0 |       0 |      18 |   0.0 |   772
        Lair:2 |       0 |    6470 |   0.0 |       0 |      27 |   0.0 |  2013
        Lair:3 |       0 |    5086 |   0.0 |       0 |      21 |   0.0 |  1757
        Lair:4 |       0 |    4447 |   0.0 |       0 |       9 |   0.0 |  1056
        Lair:5 |       0 |    6462 |   0.0 |       0 |      33 |   0.0 |  1747
        Lair:6 |       0 |   16917 |   0.0 |       0 |      74 |   0.0 |  1767
         Orc:1 |       0 |    3240 |   0.0 |       0 |      27 |   0.0 |   731
         Orc:2 |       0 |   21846 |   0.0 |       0 |     105 |   0.0 |  2634
         Elf:1 |       0 |    2016 |   0.0 |       0 |       3 |   0.0 |   122
         IceCv |       0 |    5259 |   0.0 |       0 |      24 |   0.0 |  1208
               +---------+---------+-------+---------+---------+-------+---------
